 Dungeon Crawl Stone Soup version 0.27-a0-955-gb57c80000f (webtiles) character file.

Game seed: 12241746209586526821

39 LabCoat the Skirmisher (level 3, 0/33 HPs)
             Began as a Hill Orc Fighter on Apr 12, 2021.
             Succumbed to an adder's poison
             ... on level 2 of the Dungeon.
             The game lasted 00:02:55 (1320 turns).

LabCoat the Skirmisher (Hill Orc Fighter)           Turns: 1320, Time: 00:02:56

Health: 0/33       AC:  7    Str: 19    XL:     3   Next: 45%
Magic:  3/3        EV:  7    Int:  8    God:
Gold:   54         SH:  9    Dex: 10    Spells: 2/2 levels left

rFire    . . .     SeeInvis .   a - +0 war axe
rCold    . . .     Faith    .   c - +0 kite shield
rNeg     . . .     Spirit   .   b - +0 scale mail
rPois    .         Reflect  .   (no helmet)
rElec    .         Harm     .   (no cloak)
rCorr    .         Rampage  .   (no gloves)
Will     .....                  (no boots)
Stlth    ..........             (no amulet)
HPRegen  0.11/turn              (no ring)
MPRegen  0.08/turn              (no ring)

@: mighty, lethally poisoned (0 -> -7)
A: no striking features
a: no special abilities


You were on level 2 of the Dungeon.
You visited 1 branch of the dungeon, and saw 2 of its levels.

You collected 54 gold pieces.

Inventory:

Hand Weapons
 a - a +0 war axe (weapon)
Armour
 b - a +0 scale mail (worn)
 c - a +0 kite shield (worn)
Potions
 e - a potion of mutation {unknown}
 f - 3 potions of magic
 g - a potion of degeneration {unknown}


   Skills:
 + Level 4.0 Fighting
 * Level 3.7 Axes
 + Level 3.7 Armour
 + Level 3.6 Shields


You had 2 spell levels left.
You didn't know any spells.
Your spell library was empty.

Dungeon Overview and Level Annotations

Branches:
Dungeon (2/15)

Altars:


Message History

You are frozen.
You closely miss the adder. You hit the endoplasm.
You kill the endoplasm!
The adder bites you.
You are poisoned.
The adder poisons you! The adder bites you but does no damage.
You miss the adder.
You feel very sick. You block the adder's attack.
The adder bites you but does no damage.
You miss the adder.
You feel sick. The adder bites you.
You are more poisoned.
The adder poisons you! You block the adder's attack.
You miss the adder.
You feel very sick. The adder bites you.
The adder bites you but does no damage.
You miss the adder.
You feel sick. The adder bites you.
You are more poisoned.
The adder poisons you! You block the adder's attack.
You are too injured to fight recklessly!
You are too injured to fight recklessly!
You barely miss the adder.
* * * LOW HITPOINT WARNING * * *
You feel very sick. The adder barely misses you.
The adder bites you but does no damage.
You closely miss the adder.
* * * LOW HITPOINT WARNING * * *
You feel very sick. You block the adder's attack. x2
You feel very mighty all of a sudden.
* * * LOW HITPOINT WARNING * * *
You feel sick. You block the adder's attack.
The adder bites you but does no damage.
You closely miss the adder.
* * * LOW HITPOINT WARNING * * *
You feel sick. The adder bites you.
* * * LOW HITPOINT WARNING * * *
You are more poisoned.
The adder poisons you! The adder bites you but does no damage.
You miss the adder.
You die...

.....# #.# ####.#
#.## # #..# ##
##.## .# #..# .#
##.### .## #...#
..# ...####.#
..#### .......@#
.....###.......S.#
.................#
....####.........#
#..## ........#
#..# ........#
#### ........# #
........#


You could see an adder.

Vanquished Creatures
  A worm (D:2)
  A ball python (D:1)
  6 bats
  An endoplasm (D:2)
  5 giant cockroaches
  A goblin (D:2)
  5 hobgoblins
  A frilled lizard (D:1)
  4 kobolds
  8 rats
33 creatures vanquished.

Notes
Turn   | Place    | Note
-------+----------+-------------------------------------------
     0 | D:1      | LabCoat the Hill Orc Fighter began the quest for the Orb.
     0 | D:1      | Reached XP level 1. HP: 19/19 MP: 1/1
   202 | D:1      | Reached XP level 2. HP: 22/27 MP: 2/2
  1014 | D:2      | Reached XP level 3. HP: 33/33 MP: 3/3
  1275 | D:2      | Reached skill level 4 in Fighting
  1320 | D:2      | Succumbed to an adder's poison

Illustrated notes

Levels and vault maps discovered:
D:1:      nzn_arrival_crosshair, layout_basic, chequers_garden
D:2:      layout_rooms, hellmonk_ecumenical_altar_inner_sanctum,
          minmay_misc_feat_rugged

Skill      XL: |  1  2  3 |
---------------+----------+-----
Axes           | 3 |  3.7
Fighting       | 4 |  4.0
Armour         | |  3.7
Shields        | |  3.6

Action                   || total
-------------------------++-------
Melee: War axe           ||    84
  Use: Scroll            ||     5
       Potion            ||     1
Armor: Scale mail        ||    33
Dodge: Dodged            ||    25
Block: Kite shield       ||    58

Table legend: (Time is in decaauts)
 A = Elapsed time spent in this place.
 B = Non-inter-level travel time spent in this place.
 C = Inter-level travel time spent in this place.
 D = Time resting spent in this place.
 E = Time spent auto-exploring this place.
 F = Levels seen in this place.
 G = Mean time per level.
                   A        B        C        D        E       F      G
               +--------+--------+--------+--------+--------+-----+--------+
         Total |   1366 |   1362 |      4 |    187 |    953 |   2 |  683.0 |
       Dungeon |   1366 |   1362 |      4 |    187 |    953 |   2 |  683.0 |
               +--------+--------+--------+--------+--------+-----+--------+

Top non-repeatable levels by time:
     D:1: 1010 daAuts
     D:2: 356 daAuts
